cohdb
Replays
Latest Replays
All Replays
Popular Replays
Top Player Replays
Match Explorer
How It Works
Community
CoH3 Stats
Reddit
Sign in to upload your games and track your stats! →
Sign in with Steam
Match 40385389
Unlisted
Match 40385389
Overview
Messages
Build Orders
End
Vickers Machine Gun Team
Construct Section Command Post
Selects Air and Sea Battlegroup
Vickers Machine Gun Team
Infantry Section
Infantry Section
Selects Supply Surplus
Construct Platoon Command Post
Humber Armored Car
Construct Resource Cache
CMP 15cwt Truck
Construct Resource Cache
Unlock Bishop Self-propelled Artillery
Selects UNKNOWN (223837)
Grenade Package
6-pounder Anti-tank Gun Team
6-pounder Anti-tank Gun Team
Bishop Self-propelled Artillery
Forward Retreat Point
Selects Assault Flares
Assault Flares
Bishop Self-propelled Artillery
Assault Flares
Construct Company Command Post
Infantry Section
Unlock M3 Grant Medium Tanks
M3 Grant Medium Tank
M3 Grant Medium Tank
Syrasor
FistyMcBeef
Flash
Bear
Gatom
Vergil
0
0
Comments
sign in to comment!
No comments posted yet!